[Event "fics rated crazyhouse match"]
[Site "fics, Oklahoma City, OK USA"]
[Date "2000.01.14"]
[White "stinker"]
[WhiteElo "2250"]
[Black "RMG"]
[BlackElo "2281"]
[TimeControl "120+0"]
[Result "0-1"]

1. e4 e6 2. d4 Ne7 3. Bg5 d5 4. e5 Nbc6 5. Nc3 Qd7 6. Nge2 
h6 7. Bh4 Nf5 8. Bg3 Be7 9. Bf4 a5 10. g4 Nh4 11. Qd3 a4 
12. a3 Ng6 13. Bg3 b6 14. Bg2 Ba6 15. Qd2 Bxe2 16. Nxe2 N@c4 17. Qc1 
N6a5 18. O-O O-O 19. B@d3 Qe8 20. Nf4 Nxf4 21. Bxf4 N@g6 22. Bxh6 gxh6 
23. Qxh6 B@g7 24. Qxg7+ Kxg7 25. N@h5+ Kh7 26. Bxc4 f5 27. exf6 Bxf6 28. Nxf6+ 
Rxf6 29. N@g5+ Kh6 30. B@f7 Rxf7 31. Nxf7+ Qxf7 32. P@g5+ Kg7 33. B@f6+ Kf8 
34. P@g7+ Ke8 35. Bb5+ P@c6 36. R@h8+ B@g8 37. P@f5 Nxh8 38. gxh8=Q N@e2+ 39. Kh1 
Kd7 40. fxe6+ Qxe6 41. N@e5+ Kc8 42. Qxg8+ Qxg8 43. P@f7 Kb7 44. B@f5 Ka7 
45. fxg8=Q Q@g1+ 46. Rxg1 
{stinker forfeits on time} 0-1

[Event "fics rated crazyhouse match"]
[Site "fics, Oklahoma City, OK USA"]
[Date "2000.01.14"]
[White "RMG"]
[WhiteElo "2294"]
[Black "stinker"]
[BlackElo "2243"]
[TimeControl "120+0"]
[Result "1-0"]

1. d4 Nf6 2. Nf3 e6 3. Bf4 d6 4. e3 Be7 5. Be2 b6 6. c4 
Bb7 7. Nc3 Nbd7 8. O-O c5 9. d5 exd5 10. cxd5 Nf8 11. Ng5 Ng6 
12. P@e6 O-O 13. Nxf7 Rxf7 14. exf7+ Kxf7 15. P@h6 gxh6 16. Bxh6 P@g7 17. Bxg7 
Kxg7 18. P@g5 Ne8 19. P@h6+ Kg8 20. Bg4 B@e5 21. f4 Bxc3 22. bxc3 P@f7 
23. Be6 fxe6 24. dxe6 Bxg5 25. P@f7+ Kf8 26. R@g8+ Ke7 27. Rxe8+ Qxe8 28. fxe8=Q# 
{stinker forfeits on time} 1-0

[Event "fics rated crazyhouse match"]
[Site "fics, Oklahoma City, OK USA"]
[Date "2000.01.14"]
[White "stinker"]
[WhiteElo "2236"]
[Black "RMG"]
[BlackElo "2305"]
[TimeControl "120+0"]
[Result "0-1"]

1. e4 e6 2. d4 Ne7 3. e5 d5 4. Bd3 Nbc6 5. c3 Nf5 6. Bxf5 
exf5 7. Nf3 B@e4 8. Bg5 Be7 9. Bxe7 Qxe7 10. N@h5 Rg8 11. Nbd2 B@c2 
12. Qc1 Bxf3 13. Qxc2 Bxg2 14. Rg1 N@h4 15. B@f6 gxf6 16. Nxf6+ Qxf6 17. exf6 
P@e2 18. Q@e3+ B@e4 19. Nxe4 dxe4 20. Qexe2 Nf3+ 21. Kd1 Nxg1 22. P@g6 Nxe2 
23. gxf7+ Kxf7 24. B@h5+ P@g6 25. B@c4+ N@e6 26. Bhxe2 R@g1+ 27. N@e1 N@f3 28. Bxf3 
Bxf3+ 29. P@e2 B@h6 30. P@e3 Bxe2+ 31. Bxe2 P@d3 32. Bxd3 exd3 33. Qxd3 B@e4 
34. Qd2 Q@f1 35. N@e2 Qxe1+ 36. Qxe1 Rxe1+ 37. Kxe1 N@f3+ 38. Kf1 Nxh2+ 39. Ke1 
Nf3+ 40. Kf1 P@g2+ 41. Kxg2 Nd2+ 42. f3 Bxf3+ 43. Kf2 Q@g2+ 44. Ke1 Qxe2# 
{stinker checkmated} 0-1

[Event "fics rated crazyhouse match"]
[Site "fics, Oklahoma City, OK USA"]
[Date "2000.01.14"]
[White "RMG"]
[WhiteElo "2315"]
[Black "stinker"]
[BlackElo "2230"]
[TimeControl "120+0"]
[Result "1-0"]

1. d4 Nf6 2. Nf3 e6 3. Bf4 Be7 4. e3 d6 5. Be2 O-O 6. O-O 
b6 7. c4 Bb7 8. Nc3 Nbd7 9. Bg3 Re8 10. d5 e5 11. Ng5 Rf8 
12. Nxf7 Rxf7 13. P@e6 Rf8 14. exd7 Qxd7 15. Nb5 P@h3 16. gxh3 Qxh3 17. P@g2 
Qf5 18. Nxc7 P@h3 19. gxh3 e4 20. P@g2 Rac8 21. Ne6 Rf7 22. P@g4 Qg6 
23. N@h4 Qh6 24. Nf5 Qg5 25. h4 Qg6 26. h5 Qg5 27. Nxg5 Nxg4 28. Nxf7 
Kxf7 29. Bxg4 N@e5 30. Bxe5 dxe5 31. Q@e6+ Kf8 32. R@g8# 
{stinker checkmated} 1-0

[Event "fics rated crazyhouse match"]
[Site "fics, Oklahoma City, OK USA"]
[Date "2000.01.14"]
[White "stinker"]
[WhiteElo "2224"]
[Black "RMG"]
[BlackElo "2324"]
[TimeControl "120+0"]
[Result "1-0"]

1. e4 e6 2. d4 Ne7 3. e5 d5 4. Nc3 Nbc6 5. Nf3 Nf5 6. Bd3 
Be7 7. Bxf5 exf5 8. N@h5 Rg8 9. Bf4 B@e4 10. O-O Be6 11. Re1 Bxf3 
12. Qxf3 Nxd4 13. Qg3 N@e2+ 14. Nxe2 Nxe2+ 15. Rxe2 P@g5 16. B@a4+ Kf8 17. N@f6 
gxf6 18. exf6 Bxf6 19. Nxf6 Qxf6 20. Be5 Qh6 21. P@g7+ Rxg7 22. Bxg7+ Qxg7 
23. N@h5 Qg6 24. B@g7+ Ke7 25. R@d7+ Ke8 26. Nf6+ Qxf6 27. Bxf6 B@c5 28. Q@d8+ 
Rxd8 29. Rxd8# 
{RMG checkmated} 1-0

[Event "fics rated crazyhouse match"]
[Site "fics, Oklahoma City, OK USA"]
[Date "2000.01.14"]
[White "RMG"]
[WhiteElo "2309"]
[Black "stinker"]
[BlackElo "2234"]
[TimeControl "120+0"]
[Result "1-0"]

1. d4 Nf6 2. Nf3 e6 3. Bf4 d6 4. e3 Be7 5. Be2 O-O 6. O-O 
b6 7. c4 Bb7 8. Nc3 c5 9. Bg3 Nc6 10. d5 exd5 11. cxd5 Ne5 
12. Bxe5 dxe5 13. Nxe5 Nxd5 14. N@c6 Nxc3 15. bxc3 Bxc6 16. Nxc6 Qc7 17. Nxe7+ 
Qxe7 18. N@d5 Qg5 19. B@g3 B@e4 20. B@f3 P@c2 21. Qd2 N@b1 22. Raxb1 cxb1=Q 
23. Bxe4 Qxe4 24. B@f3 R@c2 25. Qd1 N@b2 26. Qxc2 Qxc2 27. P@h4 Qxd5 28. Bxd5 
Qxe2 29. N@h6+ gxh6 30. R@g7+ Kxg7 31. P@f6+ Kg6 32. Be4+ P@f5 33. Bxf5+ Kxf5 
34. Q@f4+ Kg6 35. P@f5+ Kxf6 36. Qe5# 
{stinker checkmated} 1-0

[Event "fics rated crazyhouse match"]
[Site "fics, Oklahoma City, OK USA"]
[Date "2000.01.14"]
[White "stinker"]
[WhiteElo "2228"]
[Black "RMG"]
[BlackElo "2318"]
[TimeControl "120+0"]
[Result "0-1"]

1. e4 e6 2. d4 Ne7 3. Nc3 d5 4. e5 Nf5 5. g4 Nh4 6. Nf3 
Nxf3+ 7. Qxf3 Nc6 8. Be3 Bd7 9. Bd3 Nb4 10. O-O Nxd3 11. cxd3 N@h4 
12. Qg3 B@g2 13. N@f4 Bxf1 14. Rxf1 R@f3 15. N@h5 Rxg3+ 16. fxg3 Ng6 17. B@g2 
Qe7 18. R@f2 O-O-O 19. Nxg6 fxg6 20. Nf4 Kb8 21. Nfxd5 exd5 22. Nxd5 Qe6 
23. Nf4 Qa6 24. P@e6 Bxe6 25. Nxe6 Qxe6 26. N@g5 Qb6 27. P@c5 Qa6 28. B@c4 
P@b5 29. Bcd5 N@a5 30. Ne6 Be7 31. Nxd8 Rxd8 32. R@f7 N@c8 33. Rxg7 N@e8 
34. P@d6 cxd6 35. exd6 Nexd6 36. cxd6 Bxd6 37. Rxb7+ Nxb7 38. Bxb7 
{stinker forfeits on time} 0-1

[Event "fics rated crazyhouse match"]
[Site "fics, Oklahoma City, OK USA"]
[Date "2000.01.14"]
[White "RMG"]
[WhiteElo "2326"]
[Black "stinker"]
[BlackElo "2222"]
[TimeControl "120+0"]
[Result "1-0"]

1. d4 Nf6 2. Nf3 Nc6 3. Bf4 d6 4. e3 Bg4 5. Be2 e6 6. O-O 
Be7 7. c4 O-O 8. Nc3 Re8 9. Bg3 Bf8 10. d5 exd5 11. cxd5 Ne5 
12. Nxe5 Bxe2 13. Qxe2 dxe5 14. P@e6 fxe6 15. dxe6 Rxe6 16. P@f7+ Kh8 17. B@f5 
Re7 18. Bxh7 Kxh7 19. N@g5+ Kh8 20. Nce4 Nxe4 21. Qh5+ B@h6 22. Nxe4 P@h7 
23. P@g5 B@g6 24. Qxg6 hxg6 25. gxh6 gxh6 26. B@f6+ Bg7 27. Bxe7 Qxe7 28. R@g8+ 
Rxg8 29. fxg8=Q+ Kxg8 30. N@d5 Qf7 31. R@d8+ N@f8 32. B@b3 P@e6 33. Nxc7 Qxc7 
34. Bxe6+ P@f7 35. Rxf8+ Kxf8 36. N@d7+ Ke7 37. Bg4 B@b4 38. P@f6+ Bxf6 39. Ndxf6 
N@e6 40. Nd5+ Kf8 41. Nxc7 Q@e7 42. Nxe6+ fxe6 43. P@f6 Qf7 44. B@g7+ Ke8 
45. N@d6+ Bxd6 46. Nxd6+ Kd7 47. Nxf7 R@d5 48. Q@e7+ Kc6 49. Q@c7+ Kb5 50. a4+ 
Ka6 51. Qed6+ R@c6 52. B@b5# 
{stinker forfeits on time} 1-0

[Event "fics rated crazyhouse match"]
[Site "fics, Oklahoma City, OK USA"]
[Date "2000.01.14"]
[White "stinker"]
[WhiteElo "2216"]
[Black "RMG"]
[BlackElo "2334"]
[TimeControl "120+0"]
[Result "0-1"]

1. e4 e6 2. Bc4 Ne7 3. d4 d5 4. exd5 exd5 5. Bb5+ Nbc6 6. Qe2 
Be6 7. Nf3 a6 8. Ba4 P@b5 9. Bb3 Nf5 10. Be3 Be7 11. Nc3 O-O 
12. P@e5 b4 13. Nd1 a5 14. a4 bxa3 15. bxa3 P@c4 16. Ba2 Bxa3 17. P@h6 
gxh6 18. Bxh6 Nxh6 19. P@f6 P@g4 20. Bxc4 Bb4+ 21. P@c3 dxc4 22. cxb4 gxf3 
23. Qxf3 B@g4 24. Qe3 Nf5 25. Qg5+ P@g6 26. P@g7 Nxg7 27. bxa5 P@e2 28. f3 
exd1=Q+ 29. Rxd1 B@c3+ 30. Kf1 Nf5 31. P@g7 N@e3+ 32. Kf2 Nxd1+ 33. Rxd1 N@e4+ 
34. fxe4 R@e2+ 35. Kg1 Bxd4+ 36. Kh1 P@h6 
{stinker forfeits on time} 0-1

[Event "fics rated crazyhouse match"]
[Site "fics, Oklahoma City, OK USA"]
[Date "2000.01.14"]
[White "RMG"]
[WhiteElo "2341"]
[Black "stinker"]
[BlackElo "2211"]
[TimeControl "120+0"]
[Result "1-0"]

1. d4 Nf6 2. Nf3 e6 3. Bf4 Bd6 4. e3 Bxf4 5. exf4 d6 6. Be2 
Nd5 7. Qd2 Nc6 8. O-O Bd7 9. c4 B@b4 10. Nc3 Nxc3 11. bxc3 N@e4 
12. Qc2 Nxc3 13. N@h5 Nxe2+ 14. Qxe2 B@f6 15. d5 Nd4 16. Nxd4 Bxd4 17. dxe6 
Bxe6 18. P@d5 O-O 19. dxe6 fxe6 20. B@g5 P@f3 21. Qxf3 Qxg5 22. fxg5 Rxf3 
23. N@h6+ Kh8 24. Q@g8+ Rxg8 25. N@f7+ Rxf7 26. Nxf7# 
{stinker checkmated} 1-0

[Event "fics rated crazyhouse match"]
[Site "fics, Oklahoma City, OK USA"]
[Date "2000.01.14"]
[White "stinker"]
[WhiteElo "2206"]
[Black "RMG"]
[BlackElo "2348"]
[TimeControl "120+0"]
[Result "1-0"]

1. e4 e6 2. d4 Ne7 3. Nc3 d5 4. e5 Nbc6 5. Nh3 Nf5 6. Be3 
Bb4 7. Be2 Qh4 8. O-O Ncxd4 9. Bxd4 Qxd4 10. Qxd4 Nxd4 11. N@h5 Bxc3 
12. Nxg7+ Kd8 13. P@e7+ Kd7 14. bxc3 Nxe2+ 15. Kh1 B@a6 16. B@d3 Bxd3 17. cxd3 
N@g4 18. Q@d8+ Rxd8 19. exd8=Q+ Kxd8 20. R@f8+ Kd7 21. B@e8+ Ke7 22. Rxf7+ Kd8 
23. P@e7# 
{RMG checkmated} 1-0

[Event "fics rated crazyhouse match"]
[Site "fics, Oklahoma City, OK USA"]
[Date "2000.01.14"]
[White "RMG"]
[WhiteElo "2334"]
[Black "stinker"]
[BlackElo "2217"]
[TimeControl "120+0"]
[Result "0-1"]

1. d4 e5 2. Nf3 exd4 3. Nxd4 d5 4. Bf4 Nf6 5. e3 Be7 6. Be2 
Nc6 7. Nxc6 bxc6 8. O-O N@e6 9. Nc3 d4 10. Na4 Nxf4 11. exf4 P@e3 
12. P@e5 Ne4 13. fxe3 dxe3 14. P@d6 P@f2+ 15. Kh1 cxd6 16. exd6 Bxd6 17. P@e5 
Be7 18. Bd3 B@d5 19. N@f3 P@h3 20. gxh3 Bxh3 21. P@g2 Bxg2+ 22. Kxg2 P@g4 
23. B@h5 P@h3# 
{RMG resigns} 0-1

[Event "fics rated crazyhouse match"]
[Site "fics, Oklahoma City, OK USA"]
[Date "2000.01.14"]
[White "stinker"]
[WhiteElo "2228"]
[Black "RMG"]
[BlackElo "2321"]
[TimeControl "120+0"]
[Result "0-1"]

1. e4 e6 2. d4 Ne7 3. Bg5 d5 4. exd5 exd5 5. Nc3 Nbc6 6. Nf3 
Be6 7. Ne5 h6 8. Bh4 P@g5 9. Bg3 Nxe5 10. dxe5 Nf5 11. Bb5+ N@c6 
12. P@a6 bxa6 13. Bxc6+ P@d7 14. Bxa8 Qxa8 15. N@d6+ Bxd6 16. exd6 O-O 17. N@e7+ 
Kh7 18. Ncxd5 cxd6 19. B@e4 B@g6 20. P@h5 Bxd5 21. hxg6+ fxg6 22. Bxd5 Qe8 
23. B@g8+ Rxg8 24. Bxg8+ Qxg8 25. Nxg8 Kxg8 26. R@d8+ B@f8 27. Bxd6 N@e6 28. Bxf8 
Nxf8 29. B@b3+ P@e6 30. B@e4 B@a5+ 31. P@c3 Bxd8 32. Bxf5 gxf5 33. N@d6 B@g6 
34. R@c8 B@e7 35. Nb7 N@c6 36. Nxd8 Nxd8 37. B@c7 N@c6 38. Bxd8 Nxd8 39. N@e5 
R@e4+ 40. Kf1 Rxe5 41. Q@d3 P@e2+ 42. Q1xe2 Rxe2 43. Qxe2 B@e4 
{stinker forfeits on time} 0-1

[Event "fics rated crazyhouse match"]
[Site "fics, Oklahoma City, OK USA"]
[Date "2000.01.14"]
[White "RMG"]
[WhiteElo "2328"]
[Black "stinker"]
[BlackElo "2222"]
[TimeControl "120+0"]
[Result "1-0"]

1. d4 Nf6 2. Nf3 d5 3. Bf4 Bg4 4. e3 e6 5. Be2 Bd6 6. O-O 
Nc6 7. Nc3 O-O 8. h3 Bxf3 9. Bxf3 Bxf4 10. exf4 B@e4 11. B@e5 Bxf3 
12. Qxf3 B@e4 13. Qg3 N@f5 14. Qg5 h6 15. Bxf6 hxg5 16. Bxd8 Rfxd8 17. fxg5 
Bxg2 18. P@h7+ Kh8 19. Kxg2 Nh4+ 20. Kg3 Q@g2+ 21. Kxh4 Nxd4 22. B@g4 B@f4 
23. B@f6 Bxg5+ 24. Bxg5 P@f6 25. Bxf6 gxf6 26. P@g7+ Kxg7 27. N@h5+ Kf8 28. B@g7+ 
Ke7 29. Bxf6+ Kd7 30. Q@e7+ Kc6 31. N@b4+ Kb6 32. B@c5+ Ka5 33. Qxc7+ B@b6 
34. Bxb6+ axb6 35. Qxb6# 
{stinker forfeits on time} 1-0

[Event "fics rated crazyhouse match"]
[Site "fics, Oklahoma City, OK USA"]
[Date "2000.01.14"]
[White "stinker"]
[WhiteElo "2216"]
[Black "RMG"]
[BlackElo "2335"]
[TimeControl "120+0"]
[Result "1-0"]

1. e4 e6 2. d4 Ne7 3. e5 d5 4. Nc3 Nbc6 5. Bg5 h6 6. Bh4 
Qd7 7. Nf3 Nf5 8. Bg3 Bb4 9. Bb5 O-O 10. O-O Bxc3 11. bxc3 N@e4 
12. B@d2 a6 13. Bxc6 bxc6 14. N@c5 Nxc5 15. dxc5 B@e4 16. Bxh6 Nxh6 17. P@g5 
Nf5 18. N@e3 Nxe3 19. fxe3 B@h5 20. N@f4 Bhxf3 21. gxf3 Bg6 22. B@f6 N@f5 
23. Qe2 N@c4 24. e4 Ne7 25. exd5 cxd5 26. Bxe7 Qxe7 27. P@f6 gxf6 28. gxf6 
Qd7 29. P@g7 Re8 30. Nxg6 fxg6 31. N@h6+ Kh7 32. f7 Kxg7 33. fxe8=Q Qxe8 
34. R@f7+ Kxh6 35. B@g7+ Kh5 36. Rf8 Qxf8 37. Bxf8 N@h3+ 38. Kh1 N@f2+ 39. Rxf2 
Nxf2+ 40. Qxf2 g5 41. Q@h6# 
{RMG checkmated} 1-0

[Event "fics rated crazyhouse match"]
[Site "fics, Oklahoma City, OK USA"]
[Date "2000.01.14"]
[White "RMG"]
[WhiteElo "2323"]
[Black "stinker"]
[BlackElo "2227"]
[TimeControl "120+0"]
[Result "0-1"]

1. d4 Nf6 2. Nf3 e6 3. Bf4 Bd6 4. e3 Bxf4 5. exf4 d5 6. Be2 
Ne4 7. O-O Nc6 8. B@g5 B@f6 9. Bxf6 Qxf6 10. B@g5 Nxg5 11. fxg5 Qe7 
12. Nc3 B@g6 13. Re1 O-O 14. Bb5 Bd7 15. Bxc6 Bxc6 16. N@e5 B@h5 17. N@f4 
B@g4 18. Nfxg6 fxg6 19. B@e2 Bxf3 20. Bxf3 Bxf3 21. Nxf3 B@g4 22. B@e2 N@e4 
23. B@e3 Bxf3 24. Bxf3 N@h4 25. B@g4 Nxf3+ 26. Bxf3 N@h4 27. Nxe4 dxe4 28. Bg4 
B@f3 29. gxf3 Nxf3+ 30. Bxf3 exf3 31. B@h3 N@e2+ 32. Kf1 B@g4 33. Rxe2 fxe2+ 
34. Qxe2 Bxe2+ 35. Kxe2 Bf3+ 36. Kd2 R@e2+ 37. Kc1 P@d2+ 38. Bxd2 Re1# 
{RMG resigns} 0-1

[Event "fics rated crazyhouse match"]
[Site "fics, Oklahoma City, OK USA"]
[Date "2000.01.14"]
[White "stinker"]
[WhiteElo "2237"]
[Black "RMG"]
[BlackElo "2312"]
[TimeControl "120+0"]
[Result "0-1"]

1. e4 e6 2. d4 Ne7 3. Nc3 d5 4. e5 Nf5 5. g4 Nh4 6. Nf3 
Nc6 7. Be3 Bb4 8. Rg1 Nxf3+ 9. Qxf3 N@e4 10. N@e2 Qh4 11. h3 Bd7 
12. Rd1 a5 13. a3 Bxc3+ 14. Nxc3 Nxc3 15. bxc3 N@h2 16. Qg3 N@f3+ 17. Ke2 
Nxg1+ 18. Qxg1 Nxf1 19. Kxf1 Qxh3+ 20. B@g2 Qxg4 21. N@f3 B@a6+ 22. N@e2 P@h3 
23. Bxh3 Qxf3 24. N@g3 Bxe2+ 25. Nxe2 R@h1 26. Bg2 Rxg1+ 27. Kxg1 N@h3+ 28. Kh2 
N@g4+ 29. Kh1 Q@h2# 
{stinker checkmated} 0-1

[Event "fics rated crazyhouse match"]
[Site "fics, Oklahoma City, OK USA"]
[Date "2000.01.14"]
[White "RMG"]
[WhiteElo "2319"]
[Black "stinker"]
[BlackElo "2231"]
[TimeControl "120+0"]
[Result "1-0"]

1. d4 Nf6 2. Nf3 e6 3. Bf4 Bd6 4. Bxd6 cxd6 5. e3 b6 6. Be2 
Bb7 7. O-O O-O 8. c4 B@e7 9. Nc3 Ne4 10. d5 Nxc3 11. bxc3 N@e4 
12. Qd4 Nc5 13. N@h5 Bf6 14. Nxf6+ gxf6 15. B@h6 Re8 16. B@g5 N@e5 17. Qh4 
Ne4 18. Nxe5 fxg5 19. Nxf7 Kxf7 20. Qxe4 B@f5 21. dxe6+ dxe6 22. Qxb7+ Nd7 
23. N@b5 Qe7 24. N@g3 Bg6 25. P@d5 exd5 26. cxd5 N@c5 27. P@e6+ Kg8 28. P@f7+ 
Bxf7 29. exf7+ Qxf7 30. B@e6 Rxe6 31. dxe6 Nxe6 32. Qxa8+ Nef8 33. B@g7 B@b7 
34. R@h8# 
{stinker checkmated} 1-0

[Event "fics rated crazyhouse match"]
[Site "fics, Oklahoma City, OK USA"]
[Date "2000.01.14"]
[White "stinker"]
[WhiteElo "2225"]
[Black "RMG"]
[BlackElo "2325"]
[TimeControl "120+0"]
[Result "0-1"]

1. e4 e6 2. d4 d5 3. e5 Ne7 4. Nh3 Nbc6 5. Nf4 Nf5 6. c3 
a5 7. Bd3 a4 8. a3 Nh4 9. Qg4 Nf5 10. O-O Qd7 11. Nd2 Na5 
12. Re1 b6 13. Nf1 Bb7 14. Ng3 Nh6 15. Qh5 Nb3 16. Rb1 O-O-O 17. Be3 
Kb8 18. Rbd1 Be7 19. Qe2 g5 20. Nfh5 Rhg8 21. Ba6 Bxa6 22. Qxa6 B@b7 
23. Qe2 Nf5 24. B@f6 Nxe3 25. fxe3 B@a6 26. Qf2 Bxf6 27. Nxf6 Qb5 28. Nxg8 
Rxg8 29. N@f6 Rd8 30. B@e7 Rc8 31. R@d8 Rxd8 32. Bxd8 N@d3 33. Rxd3 Qxd3 
34. N@b4 Qb5 35. R@h8 R@c8 36. Rf8 B@d7 37. Be7 Rxf8 38. Bxf8 R@c8 39. Be7 
R@d2 40. R@e2 Rxe2 41. Nxe2 Qxe2 42. Rxe2 Bxe2 43. Qxe2 R@c1+ 44. R@f1 Rxf1+ 
45. Qxf1 N@d2 46. R@e2 Nxf1 47. Q@b5 R@d1 48. B@e1 Nxe3 49. Rxe3 Q@f1+ 50. Kxf1 
Bxb5+ 51. N@e2 R@h1+ 52. Q@g1 Bxe2+ 53. Rxe2 Rxg1+ 54. Kxg1 Rxe1+ 55. Rxe1 
{stinker forfeits on time} 0-1

[Event "fics rated crazyhouse match"]
[Site "fics, Oklahoma City, OK USA"]
[Date "2000.01.14"]
[White "RMG"]
[WhiteElo "2331"]
[Black "stinker"]
[BlackElo "2219"]
[TimeControl "120+0"]
[Result "1-0"]

1. d4 Nf6 2. Nf3 e6 3. Bf4 Bb4+ 4. c3 Be7 5. e3 d5 6. Be2 
Ne4 7. O-O O-O 8. Nbd2 Na6 9. Rc1 c5 10. dxc5 Naxc5 11. P@d3 Nxd2 
12. Nxd2 P@d6 13. N@h5 e5 14. Bg3 N@f6 15. Nxg7 Kxg7 16. d4 exd4 17. cxd4 
Nce4 18. Nxe4 dxe4 19. P@g5 P@d3 20. gxf6+ Bxf6 21. N@h5+ Kg8 22. Bxd3 exd3 
23. Qxd3 B@g6 24. Nxf6+ Qxf6 25. P@e4 N@g5 26. f3 P@h3 27. B@h1 hxg2 28. Bxg2 
N@h3+ 29. Kh1 P@f4 30. exf4 Qxf4 31. N@h6+ Kg7 32. Qe2 Qxg3 33. hxg3 Kxh6 
34. P@h4 Kg7 35. hxg5 Nxg5 36. P@h4 N@f4 37. hxg5 f6 38. gxf4 fxg5 39. P@h6+ 
Kxh6 40. fxg5+ Kxg5 41. Q@g3+ Kf6 42. e5+ Kf7 43. N@g5+ Kg7 44. P@f6+ Kh6 
45. N@f7+ Rxf7 46. Nxf7+ Bxf7 47. Qe3# 
{stinker resigns} 1-0

[Event "fics rated crazyhouse match"]
[Site "fics, Oklahoma City, OK USA"]
[Date "2000.01.14"]
[White "Gaveudabird"]
[WhiteElo "2024"]
[Black "LSS"]
[BlackElo "2402"]
[TimeControl "180+0"]
[Result "0-1"]

1. e3 e6 2. Bd3 d5 3. Nc3 Ne7 4. Nf3 Nbc6 5. Qe2 Ng6 6. b3 
Be7 7. Bb2 O-O 8. Rd1 f6 9. g4 Nge5 10. h4 Nxf3+ 11. Qxf3 Ne5 
12. Qe2 Nxd3+ 13. Qxd3 N@f3+ 14. Ke2 Ne5 15. Qd4 B@f3+ 16. Ke1 Bxg4 17. Rg1 
Nf3+ 18. Kf1 Nxd4 19. exd4 Q@h3+ 20. Ke1 P@h2 21. Rh1 Qg2 22. N@g3 Qxh1+ 
23. Nxh1 R@g1+ 24. N@f1 Rxh1 25. Q@g2 N@f3+ 26. Ke2 Nxd4+ 27. Kd3 e5 28. Qxg4 
Bxg4 29. Re1 Rxf1 30. Rxf1 P@e4+ 31. Nxe4 Q@e2+ 32. Kc3 N@b5# 
{Gaveudabird checkmated} 0-1

[Event "fics rated crazyhouse match"]
[Site "fics, Oklahoma City, OK USA"]
[Date "2000.01.14"]
[White "LSS"]
[WhiteElo "2422"]
[Black "ChessBritiania"]
[BlackElo "2069"]
[TimeControl "180+0"]
[Result "1-0"]

1. e4 Nc6 2. d4 Nf6 3. e5 Nd5 4. Nc3 Nxc3 5. bxc3 d6 6. Bb5 
Bd7 7. exd6 exd6 8. Qe2+ Be7 9. N@h5 Rg8 10. P@f6 gxf6 11. Nxf6+ Kf8 
12. Nxg8 Kxg8 13. Bxc6 bxc6 14. N@h6+ Kg7 15. R@g8+ Qxg8 16. Nxg8 B@g5 17. Nxe7 
Bxc1 18. Rxc1 R@e6 19. Nf5+ Kf8 20. P@g7+ Ke8 21. Q@f8# 
{ChessBritiania checkmated} 1-0

[Event "fics rated crazyhouse match"]
[Site "fics, Oklahoma City, OK USA"]
[Date "2000.01.14"]
[White "ChessBritiania"]
[WhiteElo "2067"]
[Black "LSS"]
[BlackElo "2424"]
[TimeControl "180+0"]
[Result "0-1"]

1. d4 e6 2. Nc3 Nc6 3. Nf3 Nf6 4. Bf4 Bb4 5. e3 Ne4 6. Bd3 
Nxc3 7. bxc3 Bxc3+ 8. N@d2 Bxa1 9. Qxa1 N@d5 10. O-O R@g6 11. Ne4 Nxf4 
12. exf4 B@f5 13. B@g3 d5 14. Neg5 Bxd3 15. cxd3 B@e2 16. Nxf7 Bxf3 17. Nxh8 
N@e2+ 18. Kh1 Bxg2+ 19. Kxg2 P@f3+ 20. Kxf3 Nexd4+ 21. Ke3 Nc2+ 22. Kd2 Nxa1 
23. P@f7+ Kd7 24. B@e8+ Ke7 25. B@c5+ P@d6 26. N@g8+ Kf8 27. Nxg6+ hxg6 28. P@e7+ 
Qxe7 29. Nxe7 P@c3+ 30. Ke3 d4+ 31. Bxd4 Nc2+ 32. Kf3 N6xd4+ 33. Kg4 B@f3+ 
34. Kh3 Q@g4# 
{ChessBritiania checkmated} 0-1

[Event "fics rated crazyhouse match"]
[Site "fics, Oklahoma City, OK USA"]
[Date "2000.01.14"]
[White "LSS"]
[WhiteElo "2426"]
[Black "ChessBritiania"]
[BlackElo "2065"]
[TimeControl "180+0"]
[Result "1-0"]

1. e4 Nc6 2. d4 Nf6 3. e5 Nd5 4. Nc3 Nxc3 5. bxc3 d6 6. exd6 
cxd6 7. Nf3 e6 8. Bd3 Be7 9. O-O Bd7 10. N@h5 Bf6 11. P@g5 P@g6 
12. Nxf6+ gxf6 13. gxf6 Qxf6 14. Bg5 Qg7 15. B@f6 Qg8 16. Bxh8 Qxh8 17. Bb5 
P@f6 18. Bxc6 Bxc6 19. N@c7+ Kd7 20. Nxa8 Qxa8 21. Bxf6 B@e7 22. Bxe7 Kxe7 
23. B@h4+ f6 24. P@e5 B@g7 25. exd6+ Kxd6 26. P@e5+ fxe5 27. dxe5+ Kc5 28. Qd4# 
{ChessBritiania resigns} 1-0

[Event "fics rated crazyhouse match"]
[Site "fics, Oklahoma City, OK USA"]
[Date "2000.01.14"]
[White "ChessBritiania"]
[WhiteElo "2063"]
[Black "LSS"]
[BlackElo "2428"]
[TimeControl "180+0"]
[Result "0-1"]

1. Nf3 e6 2. d4 Nc6 3. Bf4 Nf6 4. Nc3 Bb4 5. a3 Bxc3+ 6. bxc3 
Ne4 7. B@d2 Nxf2 8. Kxf2 N@e4+ 9. Ke3 d5 10. N@g3 f5 11. Nxe4 dxe4 
12. Ne5 Nxe5 13. Bxe5 N@g4+ 14. Kf4 N@g6+ 15. Kg3 Qh4# 
{ChessBritiania checkmated} 0-1

[Event "fics rated crazyhouse match"]
[Site "fics, Oklahoma City, OK USA"]
[Date "2000.01.14"]
[White "LSS"]
[WhiteElo "2430"]
[Black "ChessBritiania"]
[BlackElo "2061"]
[TimeControl "180+0"]
[Result "1-0"]

1. e4 Nc6 2. d4 g6 3. Nf3 d6 4. Nc3 Bg7 5. Bb5 Bd7 6. O-O 
Nf6 7. d5 Ne5 8. Nxe5 dxe5 9. Bxd7+ Nxd7 10. B@h6 B@f6 11. Bxg7 Bxg7 
12. B@a4 O-O 13. Bxd7 Qxd7 14. N@h6+ Kh8 15. Nxf7+ Rxf7 16. P@e6 Qe8 17. exf7 
Qxf7 18. N@g5 Qf8 19. R@f7 Qg8 20. Rxe7 B@f6 21. Nf7+ Qxf7 22. Rxf7 B@b6 
23. P@h6 P@f4 24. hxg7+ Bxg7 25. Rxg7 Kxg7 26. Bxf4 exf4 27. P@f6+ Kxf6 28. e5+ 
Kxe5 29. Q@e6# 
{ChessBritiania checkmated} 1-0

[Event "fics rated crazyhouse match"]
[Site "fics, Oklahoma City, OK USA"]
[Date "2000.01.14"]
[White "ChessBritiania"]
[WhiteElo "2059"]
[Black "LSS"]
[BlackElo "2432"]
[TimeControl "180+0"]
[Result "0-1"]

1. d4 e6 2. Nf3 Nc6 3. Bf4 Nf6 4. e3 Nd5 5. Bd3 d6 6. O-O 
Nxf4 7. exf4 d5 8. Nbd2 Be7 9. Re1 O-O 10. Qe2 a6 11. c3 Bd7 
12. Ne5 Nxe5 13. fxe5 f5 14. exf6 Rxf6 15. N@g4 N@f4 16. Nxf6+ Bxf6 17. Qf3 
Nxd3 18. Qxd3 B@g6 19. P@e4 dxe4 20. Nxe4 Bc6 21. P@f3 N@f4 22. Qe3 Nxg2 
23. Kxg2 Bcxe4 24. fxe4 N@h4+ 25. Kg1 B@f3 26. B@c2 P@g4 27. R@g3 Ng2 28. Rxg2 
Bxg2 29. Kxg2 P@f3+ 30. Kg1 P@g2 31. N@g3 Bxe4 32. Bxe4 R@h1+ 33. Nxh1 gxh1=Q+ 
34. Kxh1 P@g2+ 35. Kg1 N@h3# 
{ChessBritiania checkmated} 0-1

[Event "fics rated crazyhouse match"]
[Site "fics, Oklahoma City, OK USA"]
[Date "2000.01.14"]
[White "ChessBritiania"]
[WhiteElo "2055"]
[Black "LSS"]
[BlackElo "2436"]
[TimeControl "180+0"]
[Result "0-1"]

1. e4 e6 2. Nc3 Nc6 3. Nf3 Nf6 4. Bb5 Bb4 5. d3 a6 6. Ba4 
b5 7. Bb3 Bb7 8. Bd2 Ne7 9. O-O Ng6 10. Ne2 Bxd2 11. Qxd2 B@g4 
12. Ng5 h6 13. Nxf7 Kxf7 14. Nf4 Nxf4 15. Qxf4 N@e2+ 16. Kh1 Nxf4 17. N@e5+ 
Kf8 18. B@g3 Nxg2 19. Ng6+ Kg8 20. P@f7+ Kxf7 21. Nxh8+ Qxh8 22. f3 Ne3 
23. Rf2 P@h3 24. R@g1 Bxf3+ 25. Rxf3 P@g2+ 26. Rxg2 hxg2+ 27. Kg1 N@h3# 
{ChessBritiania checkmated} 0-1

[Event "fics rated crazyhouse match"]
[Site "fics, Oklahoma City, OK USA"]
[Date "2000.01.14"]
[White "LSS"]
[WhiteElo "2438"]
[Black "ChessBritiania"]
[BlackElo "2053"]
[TimeControl "180+0"]
[Result "0-1"]

1. e4 Nc6 2. d4 Nf6 3. Nc3 e5 4. d5 Nd4 5. Nf3 Nxf3+ 6. gxf3 
N@d4 7. Rg1 d6 8. Be3 c5 9. dxc6 Nxc6 10. Nd5 Nxd5 11. exd5 P@d4 
12. Bg5 Be7 13. dxc6 Bxg5 14. P@d7+ Bxd7 15. cxd7+ Qxd7 16. Rxg5 P@e3 17. Rxg7 
exf2+ 18. Kxf2 B@e3+ 19. Kg2 P@h3+ 20. Kg3 N@h5+ 21. Kh4 Nxg7 22. N@f6+ Kd8 
23. Nxd7 R@h5+ 24. Kg4 P@f5+ 25. Kg3 f4+ 26. Kg4 f5# 
{LSS checkmated} 0-1